 Dungeon Crawl Stone Soup version 0.23.2-33-g5129a83184 (webtiles) character file.

Game seed: 1853660623336902280

2243 MalarOregon the Geomancer (level 9, 0/82 (83) HPs)
             Began as a Ghoul Earth Elementalist on July 14, 2019.
             Was an Initiate of Cheibriados.
             Slain by a hog (6 damage)
             ... on level 7 of the Dungeon.
             The game lasted 00:14:58 (8761 turns).

MalarOregon the Geomancer (GhEE)                    Turns: 8761, Time: 00:14:58

HP:   0/82 (83)     AC:  6    Str: 13    XL:     9   Next: 37%
MP:   10/10         EV: 12    Int: 14    God:    Cheibriados [......]
Gold: 453           SH:  0    Dex: 10    Spells: 10/11 levels left

rFire    . . .     SeeInvis .   f - +2 short sword (elec)
rCold    + + .     Gourm    .   (no shield)
rNeg     + + +     Faith    .   w - +2 robe {rC+}
rPois    ∞         Spirit   .   t - +0 helmet
rElec    .         Reflect  .   v - +0 cloak
rCorr    .         Harm     .   (no gloves)
MR       .....                  (no boots)
Stlth    ++........             (no amulet)
HPRegen  0.00/turn              (no ring)
MPRegen  0.12/turn              (no ring)

@: about to teleport, rotting, very slow
A: rotting body, claws 1, carnivore, cold resistance 1, negative energy
resistance 3, inhibited regeneration, torment resistance, unbreathing
a: Bend Time, Renounce Religion


You were on level 7 of the Dungeon.
You worshipped Cheibriados.
Cheibriados was noncommittal.
You were not hungry.

You visited 2 branches of the dungeon, and saw 8 of its levels.

You collected 453 gold pieces.

Inventory:

Hand Weapons
 f - a +2 short sword of electrocution (weapon)
   (You found it on level 1 of the Dungeon)
Missiles
 b - 137 stones (quivered)
Armour
 t - a +0 helmet (worn)
   (You found it on level 4 of the Dungeon)
 v - a +0 cloak (worn)
   (You found it on level 5 of the Dungeon)
 w - a +2 robe of cold resistance (worn)
   (You took it off Pikel on level 6 of the Dungeon)
 y - a +0 pair of gloves
   (You found it on level 6 of the Dungeon)
 A - a +0 pair of boots
   (You found it on level 7 of the Dungeon)
Magical Staves
 z - an uncursed staff of earth {unknown}
   (You found it on level 6 of the Dungeon)
Jewellery
 s - an uncursed ring of flight {unknown}
   (You found it on level 3 of the Dungeon)
Wands
 x - a wand of enslavement (6)
   (You took it off Pikel on level 6 of the Dungeon)
Scrolls
 h - 5 scrolls of remove curse {@r2}
 i - 3 scrolls of identify {@r1}
 j - 2 scrolls of amnesia {unknown}
 m - 2 scrolls of enchant weapon {unknown}
 n - 2 scrolls of teleportation {@r4}
 o - 3 scrolls of magic mapping {unknown}
 p - a scroll of vulnerability {unknown}
 r - 2 scrolls of fear
Potions
 a - a potion of degeneration {unknown}
 c - 2 potions of cancellation {unknown}
 d - a potion of haste {@q3}
 g - a potion of invisibility
 k - a potion of mutation {unknown}
 l - 4 potions of might {unknown}
 q - a potion of curing {@q1}
 u - 2 potions of lignification {unknown}
Comestibles
 e - 10 rations {!d}


   Skills:
 + Level 9.3 Fighting
 - Level 1.7 Dodging
 - Level 2.1 Stealth
 - Level 1.7 Spellcasting
   Level 0.8 Transmutations
 + Level 9.9 Earth Magic
 + Level 1.0 Invocations


You had 10 spell levels left.
You knew the following spells:

 Your Spells              Type           Power        Failure   Level  Hunger
a - Sandblast             Erth           ####..       1%          1    ##.....

Your spell library contained the following spells:

 Spells                   Type           Power        Failure   Level  Hunger
 Passwall                 Tmut/Erth      ###.....     4%          2    ###....
 Stone Arrow              Conj/Erth      ###...       10%         3    ####...
 Lee's Rapid Deconstruct  Erth           ####......   11%         5    ######.
 Petrify                  Tmut/Erth      ###.....     26%         4    #####..


Dungeon Overview and Level Annotations

Branches:
Dungeon (7/15)             Temple (1/1) D:7

Altars:
Ashenzari
Cheibriados
Dithmenos
Fedhas
Hepliaklqana
Makhleb
Nemelex Xobeh
Qazlal
Sif Muna
Trog
Uskayaw
Vehumet
Wu Jian
Xom
Yredelemnul
Zin

Annotations:
D:4 Grinder


Innate Abilities, Weirdness & Mutations

Your body is rotting away.
You thrive on raw meat.
You are immune to poison.
You have sharp fingernails.
You are carnivorous and can eat meat at any time.
Your flesh is cold resistant. (rC+)
You are immune to negative energy. (rN+++)
You do not regenerate when monsters are visible.
You are immune to unholy pain and torment.
You can survive without breathing.


Message History

The hog bites you. x2
You hit the hog. The hog closely misses you.
You hit the hog. The hog closely misses you. The hog bites you!
You closely miss the hog. The hog bites you.
You hit the hog. The hog closely misses you. The hog bites you!
* * * LOW HITPOINT WARNING * * *
Okay, then.
Okay, then.
You barely miss the hog. The hog misses you.
You hit the hog. Lightning courses through the hog!
You kill the hog!
Cheibriados thoroughly appreciates the change of pace.
Your Invocations skill increases to level 1!
You barely miss the hog. The hog bites you.
* * * LOW HITPOINT WARNING * * *
The hog bites you!
* * * LOW HITPOINT WARNING * * *
Aim: a hog (chance to defeat MR: 46%)
The hog resists with some effort.
The hog bites you but does no damage.
Aim: a hog (chance to defeat MR: 46%)
The hog resists with some effort.
The hog closely misses you.
Aim: a hog (chance to defeat MR: 46%)
The hog is charmed.
The hog bites your hog. The hog bites your hog! The hog bites your hog!
Your hog bites the hog.
The hog bites your hog!
Your hog dies!
The hog barely misses you.
You see here a hog corpse.
You butcher the hog corpse.
The hog bites you.
* * * LOW HITPOINT WARNING * * *
The hog bites you!
* * * LOW HITPOINT WARNING * * *
Things that are here:
a chunk of flesh; a hog skeleton Eat a chunk of flesh? (ye/n/q)
You eat the chunk of flesh.
You feel more resilient.
This raw flesh tastes great!
The hog closely misses you.
As you read the scroll labeled FYSUEPP EFYM, it crumbles to dust.
It is a scroll of identify.
h - 5 scrolls of remove curse The hog bites you!
* * * LOW HITPOINT WARNING * * *
As you read the scroll labeled GOUXZI UWKI, it crumbles to dust.
You assume a fearsome visage.
The hog resists with some effort.
The human looks frightened!
It was a scroll of fear.
The hog closely misses you. The hog misses you.
As you read the scroll labeled ITUUFI ACSEUS, it crumbles to dust.
You feel strangely unstable.
It was a scroll of teleportation.
The hog bites you.
You die...

.##......# .h#.%#
.##......### hh..#
.'.......... #..#
.##.....##### ..#
.##.......... ###'##
......##########.p..#
...............#...##
.....#########.#h###
###.......... #@#
...........## #.#
...........# #.#
...........#####.#
...........#.....#
...........#.#####
...........#.#
...........#.#
##.........#.#


You could see a hog and a human (fleeing).

Vanquished Creatures
  Pikel (D:6)
  A hog (D:7)
  Menkaure (D:6)
  Duvessa (D:6)
  2 sky beasts
  An ice beast (D:6)
  A phantom (D:4)
  A centaur (D:5)
  A bullfrog (D:6)
  Dowan (D:6)
  A scorpion (D:5)
  4 wights (D:6)
  A howler monkey (D:6)
  A crimson imp (D:5)
  A jelly (D:5)
  An orc priest (D:6)
  3 centaur skeletons
  3 hounds
  An orc wizard (D:6)
  A bullfrog skeleton (D:6)
  2 iguanas
  5 worker ants
  A worker ant zombie (D:5)
  7 adders
  3 oozes
  2 adder skeletons
  4 worms (D:2)
  3 dart slugs
  3 leopard geckos
  12 orcs
  2 ball pythons
  5 giant cockroaches
  9 goblins
  10 hobgoblins
  4 jackals
  3 quokkas
  7 bats
  4 frilled lizards
  10 kobolds
  A leopard gecko zombie (D:5)
  3 rats
128 creatures vanquished.

Vanquished Creatures (others)
  A hog (D:7)
  2 slaves (D:6)
  A wight (D:6)
  A crimson imp (D:6)
  A shadow imp (D:6)
  5 fungi (D:6)
  4 toadstools (D:6)
15 creatures vanquished.

Grand Total: 143 creatures vanquished

Notes
Turn   | Place    | Note
-------+----------+-------------------------------------------
     0 | D:1      | MalarOregon the Ghoul Earth Elementalist began the quest
                  | for the Orb.
     0 | D:1      | Reached XP level 1. HP: 14/14 MP: 2/2
   290 | D:1      | Reached skill level 1 in Fighting
   290 | D:1      | Reached XP level 2. HP: 13/22 MP: 3/3
   569 | D:1      | You fall through a shaft!
   815 | D:2      | Reached XP level 3. HP: 22/29 MP: 4/4
  1523 | D:2      | Reached XP level 4. HP: 14/37 MP: 3/5
  2901 | D:3      | Reached XP level 5. HP: 31/45 MP: 6/6
  3063 | D:1      | Reached skill level 5 in Earth Magic
  4006 | D:4      | Noticed a phantom
  4013 | D:4      | Noticed Grinder
  4051 | D:4      | Killed a phantom
  4051 | D:4      | Reached XP level 6. HP: 11/53 MP: 0/7
  4373 | D:4      | Paralysed by Grinder for 5 turns
  4418 | D:4      | Paralysed by Grinder for 7 turns
  4850 | D:5      | Entered Level 5 of the Dungeon
  5055 | D:5      | Reached skill level 5 in Fighting
  5222 | D:5      | Reached XP level 7. HP: 22/60 MP: 8/8
  5972 | D:6      | Noticed Pikel
  5972 | D:6      | Noticed Duvessa
  5972 | D:6      | Noticed Dowan
  6578 | D:6      | Killed Pikel
  6578 | D:6      | Reached XP level 8. HP: 72/73 MP: 9/9
  6889 | D:6      | Noticed Menkaure
  6910 | D:6      | Killed Duvessa
  6917 | D:6      | Killed Dowan
  7155 | D:6      | Found a shattered altar of Ashenzari.
  7158 | D:6      | Killed Menkaure
  7158 | D:6      | Reached XP level 9. HP: 67/82 MP: 10/10
  8274 | D:6      | Found a radiant altar of Vehumet.
  8377 | D:7      | Found a staircase to the Ecumenical Temple.
  8429 | Temple   | Entered the Ecumenical Temple
  8606 | Temple   | Became a worshipper of Cheibriados the Contemplative
  8749 | D:7      | Reached skill level 1 in Invocations
  8761 | D:7      | Slain by a hog

Skill      XL: |  1  2  3  4  5  6  7  8  9 |
---------------+----------------------------+-----
Fighting       | 1 2 3 4 5 7 8 9 |  9.3
Earth Magic    | 4 5 6 8 9 |  9.9
Invocations    | 1 |  1.0
Dodging        | |  1.7
Stealth        | |  2.1
Spellcasting   | |  1.7
Transmutations | |  0.8

Action                   |  1- 3 |  4- 6 |  7- 9 || total
-------------------------+-------+-------+-------++-------
Melee: Unarmed           |    14 |       |       ||    14
       Short sword       |    93 |   181 |   192 ||   466
 Cast: Sandblast         |     2 |    28 |    23 ||    53
Evoke: Wand              |       |       |     3 ||     3
  Use: Potion            |       |     5 |     1 ||     6
       Scroll            |       |       |     3 ||     3
 Stab: Sleeping          |     4 |     6 |     2 ||    12
       Distracted        |       |       |     1 ||     1
  Eat: Chunk             |     5 |    14 |    12 ||    31
       Ration            |       |       |     1 ||     1
Armor: Robe              |    17 |    24 |    46 ||    87
       Skin              |       |       |     1 ||     1
Dodge: Dodged            |    60 |   101 |   131 ||   292
